[Event "Team 45 45 League T23"]
[Site "Free Internet Chess Server"]
[Date "PDT.07.0"]
[Round "4"]
[White "maeck"]
[Black "DaveTheRook"]
[Result "1-0"]
[WhiteElo "1958"]
[BlackElo "1550"]
[TimeControl "2700+45"]

1. d4 Nf6 2. c4 g6 3. Nc3 d6 4. e4 Bg7 5. Nf3 O-O 6. Be2 c6 7. h3 Nbd7 8. Be3 Qa5 9. O-O e5 10. d5 cxd5 11. cxd5 Nc5 12. Nd2 a6 13. a3 Ncd7 14. b4 Qd8 15. Nc4 Qe7 16. a4 Rb8 17. a5 Ne8 18. Rc1 f5 19. exf5 Rxf5 20. Ne4 Ndf6 21. Ng3 Rf4 22. Ba7 Ra8 23. Nb6 Nxd5 24. Nxd5   {Black resigns} 1-0

[Event "Team 45 45 League T23"]
[Site "Free Internet Chess Server"]
[Date "PDT.07.0"]
[Round "4"]
[White "Rob"]
[Black "xivarmy"]
[Result "1-0"]
[WhiteElo "1874"]
[BlackElo "1895"]
[TimeControl "2700+45"]

1. g4 d6 2. Bg2 Nc6 3. h3 e5 4. Nc3 h5 5. e3 hxg4 6. hxg4 Rxh1 7. Bxh1 Qh4 8. Bf3 Nf6 9. Nb5 Nxg4 10. Qe2 Kd8 11. d4 a6 12. d5 axb5 13. dxc6 b6 14. Bd5 f5 15. Bd2 Nf6 16. Bb3 Qh1 17. O-O-O Qxc6 18. Nf3 Bd7 19. Ng5 Kc8 20. f4 Kb7 21. Bc3 Qc5 22. fxe5 dxe5 23. Nf7 Bd6 24. Qg2+ Bc6 25. Nxd6+ cxd6 26. Qxg7+ Nd7 27. Be6 Kc7 28. Kb1 b4 29. Be1 Ba4 30. Bxf5 Qa5 31. a3 e4 32. Bxe4 Re8 33. Bxb4 Qh5 34. Bxd6+ Kd8 35. Rh1 Bxc2+ 36. Kxc2 Qe2+ 37. Kb1 Rxe4 38. Rh8+ Re8 39. Rxe8+   {Black resigns} 1-0

[Event "Team 45 45 League T23"]
[Site "Free Internet Chess Server"]
[Date "PDT.07.0"]
[Round "4"]
[White "scandium"]
[Black "MattBinMi"]
[Result "1-0"]
[WhiteElo "1761"]
[BlackElo "1575"]
[TimeControl "2700+45"]

1. f4 e5 2. fxe5 Nc6 3. Nf3 Bc5 4. d4 Bb6 5. e4 Nge7 6. Bc4 O-O 7. a3 Na5 8. Ba2 d6 9. b4 Nac6 10. exd6 Qxd6 11. c3 Bg4 12. O-O Ne5 13. Nbd2 Rad8 14. Qc2 N5c6 15. Nc4 Nxd4 16. cxd4 Bxd4+ 17. Nxd4 Qxd4+ 18. Be3 Qd3 19. Qxd3 Rxd3 20. Bc5 Re8 21. Ne5   {Black resigns} 1-0

[Event "Team 45 45 League T23"]
[Site "Free Internet Chess Server"]
[Date "PDT.07.0"]
[Round "4"]
[White "kethury"]
[Black "mandragora"]
[Result "1-0"]
[WhiteElo "2078"]
[BlackElo "1826"]
[TimeControl "2700+45"]

1. e4 e5 2. Nf3 Nc6 3. Bc4 Bc5 4. d4 Bxd4 5. Bg5 Nf6 6. Nxd4 Nxd4 7. f4 d6 8. fxe5 dxe5 9. O-O Qe7 10. Nc3 c6 11. Kh1 Be6 12. Bd3 h6 13. Bxf6 gxf6 14. Qh5 O-O-O 15. Qh4 Kb8 16. Qxf6 Qxf6 17. Rxf6 c5 18. Nd5 b5 19. c3 c4 20. cxd4 cxd3 21. Ne7 Kb7 22. d5 d2 23. Rd1 Rd7 24. Nc6 Bg4 25. Rxd2 Bh5 26. Nxe5 Re7 27. Nd3 Bg6 28. d6 Ree8 29. Nc5+ Kb8 30. Na6+ Kb7 31. d7 Rd8 32. e5 Rhg8 33. Nc5+ Kb8 34. e6 fxe6 35. Nxe6   {Black resigns} 1-0

[Event "Team 45 45 League T23"]
[Site "Free Internet Chess Server"]
[Date "PDT.07.0"]
[Round "4"]
[White "Louro"]
[Black "Hony"]
[Result "0-1"]
[WhiteElo "1770"]
[BlackElo "1986"]
[TimeControl "2700+45"]

1. e4 e6 2. d4 d5 3. e5 c5 4. c3 Nc6 5. Nf3 Qb6 6. Be2 cxd4 7. cxd4 Bb4+ 8. Kf1 f6 9. a3 Be7 10. Nc3 fxe5 11. dxe5 a6 12. b4 Bd7 13. Na4 Qc7 14. Bb2 b5 15. Nc3 Nh6 16. Qd2 O-O 17. Rc1 Rac8 18. Nxd5 exd5 19. Qxd5+ Kh8 20. e6 Be8 21. Ne5 Rd8 22. Rxc6 Qa7 23. Nd7 Qxf2#   {White checkmated} 0-1

[Event "Team 45 45 League T23"]
[Site "Free Internet Chess Server"]
[Date "PDT.07.0"]
[Round "4"]
[White "ElOso"]
[Black "adingod"]
[Result "0-1"]
[WhiteElo "2027"]
[BlackElo "1866"]
[TimeControl "2700+45"]

1. d4 Nf6 2. c4 g6 3. Nc3 d5 4. cxd5 Nxd5 5. e4 Nxc3 6. bxc3 Bg7 7. Nf3 c5 8. Be3 Qa5 9. Qd2 O-O 10. Rc1 Bg4 11. Ng5 Na6 12. d5 Rac8 13. h3 Bd7 14. Be2 Bb5 15. c4 Qxd2+ 16. Kxd2 Ba4 17. f4 Rcd8 18. e5 h6 19. Ne4 b6 20. Nc3 Bd7 21. Rhd1 f6 22. e6 Bxe6 23. Ke1 Bd7 24. g4 f5 25. d6 e5 26. fxe5 f4 27. Bf2 Bxe5 28. Nd5 f3 29. Bd3 Kg7 30. Ne7 Bxd6 31. Nxg6 Rfe8+ 32. Kf1 Ba4 33. Bh4 Bxd1 34. Bxd8 Be2+ 35. Bxe2 fxe2+ 36. Kf2 Kxg6   {White resigns} 0-1

[Event "Team 45 45 League T23"]
[Site "Free Internet Chess Server"]
[Date "PDT.07.0"]
[Round "4"]
[White "ggrayggray"]
[Black "JDFitzpat"]
[Result "1-0"]
[WhiteElo "1760"]
[BlackElo "1881"]
[TimeControl "2700+45"]

1. e4 Nf6 2. e5 Nd5 3. d4 d6 4. Nf3 Bg4 5. Be2 c6 6. c4 Nb6 7. exd6 exd6 8. O-O Be7 9. Qc2 O-O 10. Be3 N8d7 11. Re1 Nf6 12. h3 Bh5 13. Nbd2 Bg6 14. Bd3 Bxd3 15. Qxd3 Re8 16. Re2 h6 17. Rae1 Qd7 18. Bf4 Bf8 19. Rxe8 Rxe8 20. Rxe8 Qxe8 21. Qa3 Nc8 22. Qa5 Qd7 23. Bg3 b6 24. Qa3 d5 25. c5 bxc5 26. dxc5 Qb7 27. Nd4 g6 28. N2b3 Ne7 29. Qa5 Ne4 30. Bf4 Bg7 31. Qd8+ Kh7 32. Qe8 Ng8 33. Qxc6 Qxc6 34. Nxc6 Bf8 35. Be3 a6 36. Bd4 Bg7 37. Bxg7 Kxg7 38. Ncd4 Kf8 39. c6 Ke8 40. f3 Nd6 41. Nc5 Kd8 42. Nxa6 Nc4 43. b3 Na5 44. Kf2 Ne7 45. c7+ Kc8 46. b4 Nc4 47. a4 Kb7 48. b5 Nc8 49. Nc6 Kb6 50. Ncb4 d4 51. Nd5+ Ka5 52. Nc5 N4b6 53. Nb3+ Kxa4 54. Nxb6+ Nxb6 55. Nxd4 Kb4 56. Nc6+ Kxb5 57. Na7+ Kc5 58. c8=Q+ Nxc8 59. Nxc8 f5 60. Ne7   {Black resigns} 1-0

[Event "Team 45 45 League T23"]
[Site "Free Internet Chess Server"]
[Date "PDT.07.0"]
[Round "4"]
[White "TGV"]
[Black "raven"]
[Result "1/2-1/2"]
[WhiteElo "1782"]
[BlackElo "2313"]
[TimeControl "2700+45"]

1. d4 e6 2. c4 Nf6 3. Nf3 Nc6 4. Nc3 Bb4 5. Qc2 d6 6. e3 O-O 7. Bd3 e5 8. O-O Re8 9. Ne4 Kh8 10. Nfg5 Qe7 11. d5 Nb8 12. a3 Ba5 13. f4 Nxe4 14. Bxe4 h6 15. Nxf7+ Qxf7   {Game drawn by mutual agreement} 1/2-1/2

[Event "Team 45 45 League T23"]
[Site "Free Internet Chess Server"]
[Date "PDT.07.0"]
[Round "4"]
[White "Bobbysch"]
[Black "Nervy"]
[Result "1-0"]
[WhiteElo "2124"]
[BlackElo "1657"]
[TimeControl "2700+45"]

1. e4 e6 2. d4 d5 3. Nc3 Bb4 4. e5 c5 5. Bd2 cxd4 6. Nb5 Bc5 7. b4 a6 8. bxc5 axb5 9. Qg4 Kf8 10. Bxb5 Nc6 11. Nf3 h5 12. Qf4 Nh6 13. Bxc6 bxc6 14. Nxd4 Bd7 15. Qf3 Ng4 16. Qg3 Ra4 17. c3 Qa8 18. O-O Rxa2 19. Rxa2 Qxa2 20. Qh4 Qxd2 21. Qd8+ Be8 22. Nxc6 Kg8 23. Qxe8+ Kh7 24. Qxf7 Qg5 25. Qxe6 Rf8 26. Qe7 Qf4 27. g3 Qf3 28. Nd4 Rf7 29. Qe6   {Black resigns} 1-0

[Event "Team 45 45 League T23"]
[Site "Free Internet Chess Server"]
[Date "PDT.07.0"]
[Round "4"]
[White "Galleta"]
[Black "Epsi"]
[Result "1-0"]
[WhiteElo "1691"]
[BlackElo "1808"]
[TimeControl "2700+45"]

1. b3 e5 2. Bb2 Nc6 3. e3 d5 4. Bb5 Bd6 5. d4 e4 6. c4 a6 7. cxd5 axb5 8. dxc6 bxc6 9. d5 Nf6 10. dxc6 Bb4+ 11. Nc3 Qxd1+ 12. Kxd1 Bg4+ 13. Kc2 Rd8 14. f3 exf3 15. Nxf3 Bf5+ 16. Kc1 Rd6 17. Nd4 Bg6 18. Ncxb5 O-O 19. Nxd6 cxd6 20. a3 Bc5 21. b4 Bb6 22. a4 Rc8 23. b5 Nd5 24. a5 Bc5 25. Ba3 Nb4 26. Bxb4 Bxb4 27. b6 Be4 28. b7 Re8 29. a6   {Black resigns} 1-0

[Event "Team 45 45 League T23"]
[Site "Free Internet Chess Server"]
[Date "PDT.07.0"]
[Round "4"]
[White "AlesD"]
[Black "Baldy"]
[Result "1/2-1/2"]
[WhiteElo "1627"]
[BlackElo "1563"]
[TimeControl "2700+45"]

1. d4 g6 2. e4 Bg7 3. Nf3 d6 4. Be3 Bd7 5. c4 c5 6. Be2 Qb6 7. Qd2 Nf6 8. Nc3 O-O 9. Rb1 Ng4 10. Nd5 Qd8 11. dxc5 Nxe3 12. Qxe3 Qa5+ 13. Nd2 Qxa2 14. Nc7 Nc6 15. Nxa8 Rxa8 16. Qa3 Qxa3 17. bxa3 b6 18. cxd6 exd6 19. O-O Re8 20. Bd3 Ne5 21. Bc2 Bh6 22. f4 Ng4 23. Rf3 Bc6 24. h3 Nf6 25. Re1 Nh5 26. g3 f5 27. Rd3 fxe4 28. Rxd6 Bb7 29. Nxe4 Bf8 30. Rd7 Bxe4 31. Bxe4 Kh8 32. Kf2 Nf6 33. Rdd1 Rxe4 34. Rxe4 Nxe4+ 35. Kf3 Nc5 36. Ke3 a6 37. g4 Kg7 38. h4 Kf6 39. f5 gxf5 40. Rf1 h6 41. Rxf5+ Kg7 42. Rf1 Be7 43. h5 Na4 44. Rd1 Bxa3 45. Rd7+ Kf6 46. Kd4   {Game drawn by mutual agreement} 1/2-1/2